 Dungeon Crawl Stone Soup version 0.28.0 (webtiles) character file.

Game seed: 13727214240783146208

158 Eitelfritz the Gusty (level 5, -3/28 HPs)
             Began as a Tengu Air Elementalist on Feb 16, 2022.
             Slain by Crazy Yiuf (4 damage)
             ... on level 3 of the Dungeon.
             The game lasted 00:09:52 (3119 turns).

Eitelfritz the Gusty (Tengu Air Elementalist)       Turns: 3119, Time: 00:09:52

Health: -3/28      AC:  2    Str:  9    XL:     5   Next: 39%
Magic:  6/10       EV: 14    Int: 17    God:
Gold:   78         SH:  0    Dex: 10    Spells: 4/10 levels left

rFire   . . .      SeeInvis .   a - +0 rapier
rCold   . . .      Faith    .   (no shield)
rNeg    . . .      Spirit   .   e - +0 robe
rPois   .          Reflect  .   (helmet restricted)
rElec   +          Harm     .   (no cloak)
rCorr   .          Rampage  .   (no gloves)
Will    .....                   (boots unavailable)
Stlth   ++........              n - amulet of the Dropbear {Acrobat rElec Dex-4 Slay+4}
HPRegen 0.09/turn               (no ring)
MPRegen 0.12/turn               (no ring)

@: flying quickly and evasively, quick
A: beak, talons 3, nimble flight
a: no special abilities


You were on level 3 of the Dungeon.
You visited 1 branch of the dungeon, and saw 3 of its levels.

You collected 78 gold pieces.

Inventory:

Hand Weapons
 a - a +0 rapier (weapon)
Missiles
 f - 2 poisoned darts
Armour
 e - a +0 robe (worn)
Jewellery
 n - the amulet of the Dropbear (around neck) {Acrobat rElec Dex-4 Slay+4}
   (You found it on level 3 of the Dungeon)

   [amulet of the acrobat]

   It increases your evasion while moving and waiting.
   Dex:       It affects your dexterity (-4).
   Slay:      It affects your accuracy & damage with ranged weapons and melee
   (+4).
   rElec:     It insulates you from electricity.
Scrolls
 b - 2 scrolls of enchant armour {unknown}
 c - a scroll of brand weapon {unknown}
 d - a scroll of vulnerability {unknown}
 g - 2 scrolls of identify {unknown}
 h - 3 scrolls of teleportation {unknown}
 l - a scroll of magic mapping {unknown}
Potions
 i - 2 potions of brilliance {unknown}
 j - a potion of might {unknown}
 k - a potion of resistance {unknown}
 m - a potion of curing {unknown}


   Skills:
 + Level 2.2 Dodging
 + Level 2.1 Stealth
 + Level 3.3 Spellcasting
 + Level 3.8 Conjurations
 + Level 5.4 Air Magic


You had 4 spell levels left.
You knew the following spells:

 Your Spells              Type           Power      Damage    Failure   Level
a - Shock                 Conj/Air       72%        1d7       2%          1
b - Static Discharge      Conj/Air       18%        N/A       3%          2
c - Swiftness             Air            21%        N/A       5%          3

Your spell library contained the following spells:

 Spells                   Type           Power      Damage    Failure   Level
 Magic Dart               Conj           60%        1d6       3%          1
 Mephitic Cloud           Conj/Pois/Air  13%        N/A       14%         3
 Airstrike                Air            10%        N/A       19%         4
 Call Imp                 Summ           2%         N/A       26%         2


Dungeon Overview and Level Annotations

Branches:
Dungeon (3/15)

Altars:
Gozag

Annotations:
D:3 Crazy Yiuf


Innate Abilities, Weirdness & Mutations

You have a beak for a mouth.
You have claws for feet.
Your magical nature lets you fly swiftly and evasively.


Message History

You reach down and open the door.
Casting: Shock (safe; 2% risk of failure)
Confirm with . or Enter, or press ? or * to list all spells.
Aiming: Shock (safe; 2% risk of failure)
Press: ? - help, Shift-Dir - straight line, f - Crazy Yiuf
Aim: Crazy Yiuf, wielding a +4 quarterstaff of chaos and wearing a +0 cloak (75% to hit)
The zap misses Crazy Yiuf.
Crazy Yiuf hits you with a +4 quarterstaff of chaos.
Crazy Yiuf freezes you.
Casting: Shock (safe; 2% risk of failure)
Confirm with . or Enter, or press ? or * to list all spells.
Aiming: Shock (safe; 2% risk of failure)
Press: ? - help, Shift-Dir - straight line, f/p - Crazy Yiuf
Aim: Crazy Yiuf, wielding a +4 quarterstaff of chaos and wearing a +0 cloak (75% to hit)
The zap hits Crazy Yiuf.
Crazy Yiuf is moderately wounded.
Crazy Yiuf hits you with a +4 quarterstaff of chaos!
Crazy Yiuf burns you.
* * * LOW HITPOINT WARNING * * *
Casting: Shock (safe; 2% risk of failure)
Confirm with . or Enter, or press ? or * to list all spells.
Aiming: Shock (safe; 2% risk of failure)
Press: ? - help, Shift-Dir - straight line, f/p - Crazy Yiuf
Aim: Crazy Yiuf, wielding a +4 quarterstaff of chaos and wearing a +0 cloak (moderately wounded, 75% to hit)
The zap hits Crazy Yiuf.
Crazy Yiuf is heavily wounded.
Crazy Yiuf closely misses you.
Casting: Shock (safe; 2% risk of failure)
Confirm with . or Enter, or press ? or * to list all spells.
You don't know that spell.
Casting: Shock (safe; 2% risk of failure)
Confirm with . or Enter, or press ? or * to list all spells.
Aiming: Shock (safe; 2% risk of failure)
Press: ? - help, Shift-Dir - straight line, f/p - Crazy Yiuf
Aim: Crazy Yiuf, wielding a +4 quarterstaff of chaos and wearing a +0 cloak (heavily wounded, 75% to hit)
The zap misses Crazy Yiuf.
Crazy Yiuf hits you with a +4 quarterstaff of chaos!
* * * LOW HITPOINT WARNING * * *
Crazy Yiuf burns you.
You die...

###(...#.##.................#....
#........#############..>........
#.#....### #......#....
#.#....##### ##### #...........
#.#........# #..)# #...........
#.#.....#.## #...# ########....
#.#####....# ... #...# #....
..######..## #g# #...# ##....
####.....## ##@# #...###.....
.....##### #.## #.......##..
.##### ##.# #.......##.. .# #.##
#......###.. .# ### ##.##
#.<......... .# ###.# #...##
#.###....... .# #####...# #....#
#........... .###.....### ##..##
#...........
.#...#########....####.#.#.......


You could see Crazy Yiuf.

Vanquished Creatures
  Jessica (D:3)
  A gnoll (D:1)
  4 adders (D:2)
  2 worms (D:2)
  3 dart slugs
  5 orcs (D:3)
  11 ball pythons
  4 bats
  3 endoplasms
  2 giant cockroaches
  2 goblins
  6 hobgoblins
  9 jackals
  7 kobolds
  A quokka (D:2)
  3 frilled lizards
  5 rats
69 creatures vanquished.

Notes
Turn   | Place    | Note
-------+----------+-------------------------------------------
     0 | D:1      | Eitelfritz the Tengu Air Elementalist began the quest for
                  | the Orb.
     0 | D:1      | Reached XP level 1. HP: 10/10 MP: 4/4
   175 | D:1      | Reached XP level 2. HP: 15/15 MP: 3/6
   565 | D:1      | Reached XP level 3. HP: 11/19 MP: 0/7
   750 | D:1      | Learned a level 2 spell: Static Discharge
   754 | D:1      | Learned a level 3 spell: Swiftness
  1235 | D:1      | Found a faded altar of an unknown god.
  1533 | D:2      | Reached XP level 4. HP: 15/24 MP: 2/8
  1705 | D:2      | Reached skill level 5 in Air Magic
  2022 | D:2      | Found an opulent altar of Gozag.
  2405 | D:3      | Gained mutation: Your magical nature lets you fly swiftly
                  | and evasively. [Tengu growth]
  2405 | D:3      | Reached XP level 5. HP: 28/28 MP: 6/10
  2744 | D:3      | Identified the +5 hand axe "Demonbane" {antimagic, Will-
                  | Int+4 Stlth+}
  2772 | D:3      | Noticed Jessica
  2774 | D:3      | Killed Jessica
  2827 | D:3      | Identified the amulet of the Dropbear {Acrobat rElec Dex-4
                  | Slay+4}
  2860 | D:3      | Found a runed translucent door.
  2861 | D:3      | Noticed Crazy Yiuf
  3119 | D:3      | HP: 1/28 [Crazy Yiuf (7)]
  3119 | D:3      | Slain by Crazy Yiuf

Illustrated notes

Levels and vault maps discovered:
D:1:      minmay_arrival_five_plusses, layout_basic,
          dreamdust_ecumenical_altar_statues
D:2:      layout_basic, serial_glass, glass_columns_c, glass_columns_a,
          basic_altar
D:3:      layout_rooms, uniq_crazy_yiuf_cottage, uniq_jessica

Skill      XL: |  1  2  3  4 |
---------------+-------------+-----
Conjurations   | 2 3 |  3.8
Air Magic      | 5 |  5.4
Spellcasting   | 3 |  3.3
Dodging        | |  2.2
Stealth        | |  2.1

Action                   |  1- 3 |  4- 6 || total
-------------------------+-------+-------++-------
Melee: Unarmed           |     8 |       ||     8
       Kick              |     3 |     2 ||     5
       Peck              |     1 |       ||     1
       Rapier            |       |     4 ||     4
 Cast: Shock             |    74 |    63 ||   137
Armor: Robe              |       |     2 ||     2
Dodge: Dodged            |     8 |     9 ||    17
